 Dungeon Crawl Stone Soup version 0.30-a0-702-gdf48620a09 (webtiles) character file.

Game seed: 17790100359512608352

4817 Laraso the Thaumaturge (level 10, -1/67 HPs)
             Began as a Djinni Conjurer on Jan 21, 2023.
             Was an Initiate of Makhleb.
             Slain by a hornet (16 damage)
             ... summoned by an orange crystal statue
             ... on level 7 of the Dungeon.
             The game lasted 00:14:32 (5666 turns).

Laraso the Thaumaturge (Djinni Conjurer)            Turns: 5666, Time: 00:14:33

Health: -1/67      AC:  5    Str:  6      XL:     10   Next: 77%
Gold:   162        EV: 13    Int: 21 (25) God:    Makhleb [......] SH:  0 Dex: 11

rFire   + + .      SeeInvis .    a - +3 dagger (venom)
rCold   x . .      Faith    .    f - +0 buckler
rNeg    . . .      Spirit   .    e - +0 troll leather armour
rPois   ∞          Reflect  .    (no helmet)
rElec   .          Harm     .    d - +0 cloak
rCorr   .          Rampage  .    (no gloves)
Will    +....                    (boots unavailable)
Stlth   +                        (no amulet)
HPRegen 1.11/turn                p - ring of wizardry
MPRegen 0.00/turn                (no ring)

@: confused, flying
A: sickness immunity, fire resistance 2, cold vulnerability 1, float, innate
caster, HP casting, extra vitality 1
a: Renounce Religion


You were on level 7 of the Dungeon.
You worshipped Makhleb.
Makhleb was noncommittal.
You visited 2 branches of the dungeon, and saw 7 of its levels.

You collected 231 gold pieces.
You spent 69 gold pieces at shops.

Inventory:

Hand Weapons
 a - a +3 dagger of venom (weapon)
Armour
 d - a +0 cloak (worn)
 e - a +0 troll leather armour (worn)
 f - a +0 buckler (worn)
 i - a +2 robe of resistance
Jewellery
 p - a ring of wizardry (left hand)
Wands
 l - a wand of mindburst (14)
 q - a wand of polymorph (9)
Scrolls
 j - 3 scrolls of poison
 o - a scroll of teleportation
Potions
 b - a potion of heal wounds
 c - 2 potions of resistance
 g - 3 potions of ambrosia
 k - 3 potions of attraction
 m - a potion of cancellation {unknown}
 n - a potion of haste {unknown}
 t - a potion of lignification


   Skills:
 - Level 4.0 Fighting
 - Level 4.0 Armour
 - Level 8.0 Dodging
 - Level 4.0 Stealth
 - Level 4.0 Shields
 - Level 8.0 Spellcasting
 * Level 3.1 Invocations
 * Level 2.9 Evocations


You had 2 spell levels left.
You knew the following spells:

 Your Spells              Type           Power      Damage    Failure   Level
a - Magic Dart            Conj           100%       1d8       1%          1
b - Searing Ray           Conj           84%        2d7       1%          2
c - Dazzling Flash        Conj/Hex       84%        N/A       1%          3
d - Fulminant Prism       Conj/Hex       21%        3d12      2%          4
e - Iskenderun's Mystic   Conj/Tloc      42%        2d10      2%          4
f - Sting                 Tmut/Pois      100%       1d8       1%          1
g - Blink                 Tloc           84%        N/A       1%          2
h - Stone Arrow           Conj/Erth      84%        3d12      1%          3
i - Vhi's Electric Charg  Tloc/Air       84%        N/A       1%          3
Your spell library was empty.

Dungeon Overview and Level Annotations

Branches:
Dungeon (7/15)             Temple (1/1) D:7

Altars:
Cheibriados
Dithmenos
Fedhas
Gozag
Hepliaklqana
Makhleb
Nemelex Xobeh
Okawaru
Qazlal
Ru
Trog
Uskayaw
Wu Jian
Zin

Shops:
D:2 *   D:5 [   D:6 !

Annotations:
D:7 1 runed translucent door, exclusion: 2 orange crystal statues
Temple 2 transporters


Innate Abilities, Weirdness & Mutations

You are immune to sickness and miasma.
You are immune to poison.
Your flesh is very heat resistant. (rF++)
You are vulnerable to cold. (rC-)
You float through the air rather than walking.
You learn spells naturally, not from books.
Your magical power is your life essence.
You have superior vitality. (+4 MHP)


Message History

The bullfrog closely misses you. The hornet stings you! The bullfrog hits you.
You completely miss the hornet.
The bullfrog looks more healthy.
The hornet stings you but does no damage.
The bullfrog closely misses you.
The orange crystal statue glitters.
The hornet stings you!
You're too confused to move!
You feel less confused. The bullfrog closely misses you. The hornet stings you.
The orange crystal statue glitters.
You are confused.
The bullfrog hits you but does no damage.
You hit the bullfrog.
You kill the bullfrog!
The bullfrog's corpse dissolves into shadows!
The hornet misses you.
The orange crystal statue glitters.
You resist with some effort. The hornet misses you. The bullfrog misses you.
The iguana barely misses you. The iguana attacks as you move away!
The iguana barely misses you.
The hornet stings you but does no damage.
The orange crystal statue glitters.
You are more confused.
The orange crystal statue glitters.
The bullfrog attacks as you move away! The bullfrog closely misses you.
The orc shouts!
The orc priest shouts!
The hornet stings you!
* * * LOW HITPOINT WARNING * * *
The hornet stings you but does no damage.
The bullfrog closely misses you.
You barely miss the bullfrog. The hornet stings you.
* * * LOW HITPOINT WARNING * * *
The bullfrog closely misses you. The hornet attacks as you move away!
The hornet stings you but does no damage.
The orange crystal statue glitters.
You are more confused.
The hornet stings you!
You die...

############
##...........
#..~~~......#
#.~~8~~......
################.....
###....................
#.............#####.###
#.####@####...#####.#
#.#...yF..#.#.......#
#.#.#l..#.#.#.####..#
#.#...oo..#...# #<.#
#.#...[o.o#...# #..###
#.#.......#.#.# ##.....
#.#.#...#.#...###......
#.#8.....8#.......#.8.#
#.####+####..##........


You could see 2 orange crystal statues, a hornet (summoned), an orc warrior
(summoned), a bullfrog (summoned), an iguana (summoned), 2 orc priests and an
orc (summoned).

Vanquished Creatures
  Pikel (D:5)
  2 orange crystal statues (D:7)
  A gargoyle (D:7)
  Grinder (D:6)
  Sigmund (D:4)
  A shadow (D:6)
  A wyvern (D:7)
  Menkaure (D:5)
  A water moccasin (D:6)
  2 black bears
  An orc warrior (D:5)
  2 ogres (D:6)
  2 phantoms (D:5)
  3 centaurs (D:7)
  4 lemures (D:5)
  Blork the orc (D:6)
  A necrophage (D:5)
  A bullfrog (D:5)
  8 scorpions
  A howler monkey (D:5)
  An electric eel (D:7)
  3 orc priests (D:5)
  3 hounds
  5 jellies
  A gnoll bouda (D:4)
  2 iguanas
  3 orc wizards
  3 gnolls (D:4)
  13 adders
  3 dart slugs
  16 orcs
  6 endoplasms
  2 giant cockroaches
  9 goblins
  7 hobgoblins
  3 jackals (D:4)
  2 kobolds
  2 quokkas (D:4)
  6 ball pythons
  10 bats
  4 frilled lizards
  3 rats (D:2)
143 creatures vanquished.

Vanquished Creatures (others)
  24 fulminant prisms
  13 fungi (D:4)
  7 plants (D:7)
44 creatures vanquished.

Grand Total: 187 creatures vanquished

Notes
Turn   | Place    | Note
-------+----------+-------------------------------------------
     0 | D:1      | Laraso the Djinni Conjurer began the quest for the Orb.
     0 | D:1      | Laraso set off with the following spells memorised: Magic
                  | Dart, Searing Ray, Dazzling Flash, Fulminant Prism,
                  | Iskenderun's Mystic Blast.
     0 | D:1      | Reached XP level 1. HP: 15/15 MP: 0/0
   173 | D:1      | Reached XP level 2. HP: 16/21 MP: 0/0
   573 | D:1      | Reached XP level 3. HP: 18/25 MP: 0/0
   573 | D:1      | Learned a level 1 spell: Sting
   977 | D:2      | Reached skill level 1 in Shields
   991 | D:2      | Found Igifiz's Assorted Antiques.
   996 | D:2      | Bought a clear potion for 25 gold pieces
  1086 | D:2      | Reached XP level 4. HP: 28/31 MP: 0/0
  1341 | D:2      | You are sucked into a shaft and drop 2 floors!
  1413 | D:4      | Noticed Sigmund
  1445 | D:4      | Killed Sigmund
  1446 | D:4      | Reached XP level 5. HP: 20/35 MP: 0/0
  1446 | D:4      | Learned a level 2 spell: Blink
  1446 | D:4      | Reached XP level 6. HP: 23/40 MP: 0/0
  1665 | D:4      | Reached skill level 1 in Fighting
  1892 | D:4      | Reached XP level 7. HP: 41/47 MP: 0/0
  1892 | D:4      | Learned a level 3 spell: Stone Arrow
  2202 | D:4      | Reached skill level 5 in Spellcasting
  2318 | D:4      | Reached XP level 8. HP: 38/52 MP: 0/0
  2373 | D:4      | Found the +11 Singing Sword {sonic wave}
  2852 | D:5      | Entered Level 5 of the Dungeon
  2887 | D:5      | Found Huozymp's Armour Boutique.
  3234 | D:5      | Noticed Menkaure
  3239 | D:5      | Killed Menkaure
  3446 | D:5      | Reached XP level 9. HP: 56/57 MP: 0/0
  3446 | D:5      | Learned a level 3 spell: Vhi's Electric Charge
  3596 | D:5      | Noticed Pikel
  3620 | D:5      | Killed Pikel
  3834 | D:6      | Noticed Grinder
  3923 | D:6      | Noticed Blork the orc
  3929 | D:6      | Killed Blork the orc
  4134 | D:6      | Reached XP level 10. HP: 63/67 MP: 0/0
  4248 | D:6      | Killed Grinder
  4249 | D:6      | Reached skill level 5 in Dodging
  4337 | D:6      | Found Ris Xets's Distillery.
  4344 | D:6      | Bought a potion of degeneration for 11 gold pieces
  4344 | D:6      | Bought a potion of lignification for 33 gold pieces
  4606 | D:7      | Found a staircase to the Ecumenical Temple.
  4617 | Temple   | Entered the Ecumenical Temple
  4617 | Temple   | Found a transporter.
  4617 | Temple   | Found a transporter.
  4619 | Temple   | Found a transporter.
  4619 | Temple   | Found a transporter.
  4637 | Temple   | Became a worshipper of Makhleb the Destroyer
  4728 | D:7      | Found a hazy altar of Hepliaklqana.
  4792 | D:7      | Noticed a gargoyle
  4845 | D:7      | Killed a gargoyle
  4936 | D:7      | Reached skill level 1 in Invocations
  5094 | D:7      | Found a sacrificial altar of Ru.
  5175 | D:7      | Found a runed translucent door.
  5178 | D:7      | Found the +10 tower shield of Ignorance {rN+ Int-4}
  5194 | D:7      | Found a runed translucent door.
  5200 | D:7      | Noticed an orange crystal statue
  5347 | D:7      | Noticed an orange crystal statue
  5347 | D:7      | Noticed an orange crystal statue
  5347 | D:7      | Noticed an orange crystal statue
  5449 | D:7      | Killed an orange crystal statue
  5450 | D:7      | Reached skill level 1 in Evocations
  5567 | D:7      | Killed an orange crystal statue
  5666 | D:7      | Slain by a hornet

Illustrated notes

Levels and vault maps discovered:
D:1:      lightli_molten_gateway, layout_basic, chequers_hall_statues_wall_a
D:2:      layout_rooms, serial_shops, nicolae_shop_stone, minmay_pentomino_p2
D:4:      old_forge, layout_basic, nicolae_kikubaaqudgha_miasma_corner,
          uniq_sigmund
D:5:      layout_basic, serial_shops, shop, mrwooster_statue_mirror,
          uniq_menkaure, uniq_pikel
D:6:      layout_basic, serial_shops, shop, uniq_blork_the_orc, uniq_grinder
D:7:      layout_loops_ring, nicolae_hepliaklqana_hazy_memory,
          lemuel_tele_altar, minmay_temple_entry_statues_pillars, moated_statue,
          nicolae_lava_and_water, chequers_guarded_unrand_ignorance
Temple:   hellmonk_temple_divided_pantheon

Skill      XL: |  1  2  3  4  5  6  7  8  9 10 |
---------------+-------------------------------+-----
Spellcasting   | 4 5 7 8 |  8.0
Shields        | 1 4 |  4.0
Dodging        | 3 4 8 |  8.0
Fighting       | 1 4 |  4.0
Armour         | 4 |  4.0
Stealth        | 4 |  4.0
Invocations    | 3 |  3.1
Evocations     | 2 |  2.9

Action                   |  1- 3 |  4- 6 |  7- 9 | 10-12 || total
-------------------------+-------+-------+-------+-------++-------
Melee: Dagger            |       |    10 |    66 |    24 ||   100
 Cast: Magic Dart        |    31 |    30 |    51 |     7 ||   119
       Searing Ray       |    16 |    10 |    34 |     1 ||    61
       Fulminant Prism   |       |     3 |     7 |    14 ||    24
       Stone Arrow       |       |       |    10 |    27 ||    37
       Blink             |       |       |     7 |     3 ||    10
       Vhi's Electric Ch |       |       |     1 |       ||     1
  Use: Scroll            |     3 |     3 |     8 |     3 ||    17
       Potion            |       |     1 |       |     2 ||     3
Armor: Robe              |     1 |     6 |    51 |       ||    58
       Troll leather arm |       |       |    15 |    19 ||    34
Dodge: Dodged            |     4 |    13 |   118 |    44 ||   179
Block: Buckler           |       |     2 |    52 |     7 ||    61

Table legend: (Time is in decaauts)
 A = Elapsed time spent in this place.
 B = Non-inter-level travel time spent in this place.
 C = Inter-level travel time spent in this place.
 D = Time resting spent in this place.
 E = Time spent auto-exploring this place.
 F = Levels seen in this place.
 G = Mean time per level.
                   A        B        C        D        E       F      G
               +--------+--------+--------+--------+--------+-----+--------+
         Total |   5672 |   5407 |    265 |    809 |   3386 |   7 |  810.3 |
       Dungeon |   5635 |   5384 |    251 |    809 |   3380 |   6 |  939.2 |
        Temple |     36 |     22 |     14 |      0 |      6 |   1 |   36.0 |
               +--------+--------+--------+--------+--------+-----+--------+

Top non-repeatable levels by time:
     D:4: 1511 daAuts
     D:5: 1056 daAuts
     D:7: 992 daAuts
     D:1: 834 daAuts
     D:6: 735 daAuts
     D:2: 505 daAuts
  Temple: 36 daAuts
